 Dungeon Crawl Stone Soup version 0.20.0 (webtiles) character file.

81 aesoa the Skirmisher (level 4, 0/35 HPs)
             Began as an Octopode Monk on June 18, 2017.
             Shot with a sling bullet by a goblin (11 damage)
             ... led by Robin
             ... on level 3 of the Dungeon.
             The game lasted 00:03:37 (2005 turns).

aesoa the Skirmisher (Octopode Monk)                Turns: 2005, Time: 00:03:37

Health: 0/35       AC:  1    Str:  6    XL:     4   Next: 42%
Magic:  4/4        EV: 14    Int: 12    God:
Gold:   85         SH:  0    Dex: 15    Spells: 3/3 levels left

rFire    . . .     SeeInvis .   a - +0 falchion
rCold    . . .     Gourm    .   (no shield)
rNeg     . . .     Faith    .   (helmet restricted)
rPois    .         Spirit   .   (no amulet)
rElec    .         Reflect  .   h - -4 ring of strength (curse)
rCorr    .         Harm     .   (no ring)
MR       .....                  (no ring)
Stlth    +++.......             (no ring)
Regen    0.2/turn               (no ring)
MPRegen  0.1/turn               (no ring)
                                (no ring)
                                (no ring)

@: no status effects
A: almost no armour, stealthy swim, amphibious, 8 rings, constrict 8, camouflage
1, gelatinous body 1
a: no special abilities


You were on level 3 of the Dungeon.
You were not hungry.

You visited 1 branch of the dungeon, and saw 3 of its levels.

You collected 85 gold pieces.

Inventory:

Hand Weapons
 a - a +0 falchion (weapon)
Jewellery
 h - a cursed -4 ring of strength (left tentacle)
Scrolls
 i - a scroll of identify
Potions
 c - a potion of ambrosia {unknown}
 d - 2 potions of curing
 e - a potion of lignification {unknown}
 j - a potion of berserk rage {unknown}
Comestibles
 b - a bread ration
 f - 2 royal jellies
 g - 4 fruits


   Skills:
 + Level 5.1 Fighting
 - Level 3.0 Long Blades
 - Level 3.0 Dodging
 - Level 2.6 Stealth


You had 3 spell levels left.
You didn't know any spells.

Dungeon Overview and Level Annotations

Branches:
Dungeon (3/15)

Altars:


Innate Abilities, Weirdness & Mutations

You cannot wear most types of armour.
You are very stealthy in the water. (Stealth+)
You are amphibious.
You can wear up to eight rings at the same time.
You can use your tentacles to constrict eight enemies at once.
Your skin changes colour to match your surroundings (Stealth+).
Your rubbery body absorbs attacks. (AC +1, EV +1)


Message History

You kill the goblin!
You see here a dagger.
A kobold comes into view. It is wielding a short sword.
The goblin no longer looks unusually strong.
The goblin unwields an uncursed club.
The goblin wields a hunting sling.
The goblin shoots a sling bullet.
The sling bullet closely misses you.
The goblin no longer looks unusually strong.
The goblin shoots a sling bullet.
The sling bullet barely misses you.
You see here a sling bullet.
The goblin no longer looks unusually strong.
You closely miss the goblin. You grab the goblin. You squeeze the goblin.
You kill the goblin!
Things that are here:
a dagger; a goblin corpse You barely miss the goblin.
You grab the goblin. You constrict the goblin.
The goblin hits you with a vampiric dagger.
You hit the goblin.
You kill the goblin!
The goblin shoots a sling bullet.
The sling bullet hits you!
You die...

##### #.#.# ....# #.#.# ###.#
##### #.#.# # #.#
##...###.#.# #
#.########.###.##)#.## #
#........[...#.##....##
##########.#.#.##..(..#######
##...##.(g.........# #
##..@).g.....g.##.# #
#####.#...#......# #
#..........### ##
#..###..###.#### .# #..# #..#
#.).)g .# #..# ##.# #.#### .#
#..# #....## .# #..# #.#.# .#
#..## #.


You could see a hobgoblin and a goblin.

Vanquished Creatures
  Robin (D:3)
  An adder (D:3)
  An ooze (D:1)
  2 worms (D:3)
  A dart slug (D:1)
  3 giant cockroaches
  9 goblins
  5 hobgoblins
  6 jackals (D:3)
  4 kobolds (D:1)
  A quokka (D:2)
  A ball python (D:2)
  7 frilled lizards
  5 rats
47 creatures vanquished.

Notes
Turn   | Place    | Note
-------+----------+-------------------------------------------
     0 | D:1      | aesoa the Octopode Monk began the quest for the Orb.
     0 | D:1      | Reached XP level 1. HP: 16/16 MP: 1/1
   274 | D:1      | Reached XP level 2. HP: 11/21 MP: 2/2
   772 | D:1      | Reached skill level 4 in Fighting
  1012 | D:2      | Reached XP level 3. HP: 27/27 MP: 3/3
  1902 | D:3      | Reached XP level 4. HP: 34/34 MP: 4/4
  1972 | D:3      | Noticed Robin
  1985 | D:3      | Killed Robin
  1985 | D:3      | Reached skill level 5 in Fighting
  2005 | D:3      | Shot with a sling bullet by a goblin

Skill      XL: |  1  2  3  4 |
---------------+-------------+-----
Fighting       | 4 5 |  5.1
Long Blades    | |  3.0
Dodging        | |  3.0
Stealth        | |  2.6

Action                   |  1- 3 |  4- 6 || total
-------------------------+-------+-------++-------
Melee: Falchion          |    64 |    19 ||    83
       Constrict         |    26 |     9 ||    35
       Tentacles         |    19 |     6 ||    25
  Use: Scroll            |     4 |       ||     4
 Stab: Sleeping          |    11 |       ||    11
  Eat: Chunk             |     3 |       ||     3
Armor: Skin              |     2 |     1 ||     3
Dodge: Dodged            |    26 |    15 ||    41
       Rpst.: Falchion   |     9 |     6 ||    15
